 Dungeon Crawl Stone Soup version 0.31-a0-18-gea43df2a32 (webtiles) character file.

Game seed: 14561557099696363095

108 IdlyInterested the Slasher (level 4, 0/37 HPs)
             Began as a Demonspawn Wanderer on May 9, 2023.
             Slain by Grinder (8 damage)
             ... on level 3 of the Dungeon.
             The game lasted 00:07:22 (2365 turns).

IdlyInterested the Slasher (Demonspawn Wanderer)    Turns: 2365, Time: 00:07:23

Health: 0/37       AC:  6    Str: 16    XL:     4   Next: 58%
Magic:  4/4        EV: 10    Int: 11    God:
Gold:   47         SH:  0    Dex: 13    Spells: 3/3 levels left

rFire   + . .        a - +2 falchion
rCold   . . .        E - orb {light}
rNeg    . . .        t - +0 ring mail {rF+}
rPois   .            (no helmet)
rElec   .            o - +0 cloak
rCorr   .            (no gloves)
SInv    +            (no boots)
Will    .....        (no amulet)
Stlth   +            s - ring of see invisible
HPRegen 0.26/turn    (no ring)
MPRegen 0.09/turn

%: no passive effects
@: glowing
A: ignite blood 1
a: no special abilities


You were on level 3 of the Dungeon.
You visited 1 branch of the dungeon, and saw 3 of its levels.

You collected 116 gold pieces.
You spent 69 gold pieces at shops.

Inventory:

Hand Weapons
 a - a +2 falchion (weapon)
 f - a +0 dagger
 j - a +0 short sword
 u - a +0 war axe
 v - a +0 mace
 B - a +0 mace of draining
Missiles
 k - 16 stones (quivered)
 x - 6 boomerangs
Armour
 o - a +0 cloak (worn)
 t - a +0 ring mail of fire resistance (worn)
 y - a +0 chain mail
 C - a +0 plate armour
 E - an orb of light (worn)
Jewellery
 s - a ring of see invisible (left hand)
Wands
 c - a wand of polymorph (3)
Scrolls
 b - 5 scrolls of vulnerability
 d - a scroll of fear
 e - 4 scrolls of identify {unknown}
 h - 2 scrolls of enchant weapon {unknown}
 m - a scroll of blinking {unknown}
 q - a scroll of noise {unknown}
 A - a scroll of teleportation {unknown}
 D - a scroll of fog {unknown}
 F - a scroll of enchant armour {unknown}
Potions
 g - a potion of flight {unknown}
 i - a potion of magic {unknown}
 l - 6 potions of curing {unknown}
 n - a potion of ambrosia {unknown}
 p - 3 potions of attraction {unknown}
 r - 2 potions of lignification {unknown}
 w - a potion of invisibility {unknown}
 z - a potion of brilliance {unknown}
 G - a potion of degeneration {unknown}
 H - a potion of heal wounds {unknown}


   Skills:
 * Level 3.8 Fighting
 - Level 4.5 Long Blades
 - Level 1.0 Throwing
 + Level 1.0 Armour
 - Level 1.0 Dodging
 - Level 1.0 Stealth
 - Level 3.0 Evocations


You had 3 spell levels left.
You didn't know any spells.
Your spell library contained the following spells:

 Spells                   Type           Power      Damage    Failure   Level
 Apportation              Tloc           0%         N/A       56%         1
 Alistair's Intoxication  Tmut/Pois      0%         N/A       100%        5


Dungeon Overview and Level Annotations

Branches:
Dungeon (3/15)

Altars:

Shops:
D:1 *

Annotations:
D:3 Grinder


Innate Abilities, Weirdness & Mutations

Your demonic aura sometimes causes spilled blood to erupt in flames.


Message History

Aiming: Polymorph
Press: ? - help, Shift-Dir - straight line, f/p - Grinder
Aim: Grinder (will become a chaos spawn, a hellion, or a lemure, chance to affect: 56%)
Okay, then.
Throw: 20 stones
Press: ? - help, Q - select action, (/) - cycle Shift-Dir - straight line, f/p - Grinder
Aim: Grinder (53% to hit)
You throw a stone. The stone closely misses Grinder.
Throw: 19 stones
Press: ? - help, Q - select action, (/) - cycle Shift-Dir - straight line, f/p - Grinder
Aim: Grinder (haloed, 73% to hit)
You throw a stone. The stone barely misses Grinder.
Grinder says, "Just stop there for a second..."
Grinder gestures at you. Pain shoots through your body!
Throw: 18 stones
Press: ? - help, Q - select action, (/) - cycle Shift-Dir - straight line, f/p - Grinder
Aim: Grinder (haloed, 73% to hit)
You throw a stone.
The stone hits Grinder but does no damage.
Throw: 17 stones
Press: ? - help, Q - select action, (/) - cycle Shift-Dir - straight line, f/p - Grinder
Aim: Grinder (haloed, 73% to hit)
You throw a stone. The stone barely misses Grinder.
You hit Grinder but do no damage. Grinder hits you.
You writhe in agony.
You slash Grinder!
Grinder is moderately wounded.
Grinder hits you.
You writhe in agony.
You barely miss Grinder.
Grinder is moderately wounded.
Grinder says, "Just stop there for a second..."
Grinder barely misses you.
You hit Grinder.
Grinder is moderately wounded.
Grinder hits you.
You writhe in agony.
* * * LOW HITPOINT WARNING * * *
You hit Grinder.
Grinder is moderately wounded.
Grinder hits you!
You die...

##.###..........#.........#
#..#............#..)......#
.........###.####...).....#
.#.####### #.# #.........#
...## #.## #.........#
.#..## #..# #..<......#
###..# ##.###.........# #
##.# #..##5........# # #.#
##..@..######## # #.#
####..#### ## #.# ###.....#
รท###.####...###.#
.....##...### #.#
####....### #.. ..##....#
##.# ........#####.....
..............# ###


You could see Grinder.

Vanquished Creatures
  4 adders
  2 worms (D:2)
  4 orcs (D:2)
  4 endoplasms
  A giant cockroach (D:1)
  11 goblins
  4 hobgoblins
  A jackal (D:2)
  3 quokkas
  11 ball pythons
  2 bats
  A frilled lizard (D:1)
  10 kobolds
  2 rats
60 creatures vanquished.

Notes
Turn   | Place    | Note
-------+----------+-------------------------------------------
     0 | D:1      | IdlyInterested the Demonspawn Wanderer began the quest for
                  | the Orb.
     0 | D:1      | IdlyInterested set off with the following items: a +2
                  | falchion, a scroll of vulnerability, a wand of polymorph
                  | (3), a scroll of fear, a +0 leather armour.
     0 | D:1      | Reached XP level 1. HP: 15/15 MP: 1/1
    83 | D:1      | Gained mutation: Your demonic aura sometimes causes spilled
                  | blood to erupt in flames. [demonic ancestry]
    83 | D:1      | Reached XP level 2. HP: 14/22 MP: 2/2
   236 | D:1      | Found Ukuisch's Assorted Antiques.
   448 | D:1      | Reached skill level 1 in Dodging
   600 | D:1      | Reached XP level 3. HP: 28/28 MP: 3/3
   748 | D:2      | Found a faded altar of an unknown god.
  1202 | D:2      | Reached skill level 1 in Stealth
  1380 | D:2      | Reached XP level 4. HP: 27/35 MP: 4/4
  1811 | D:1      | Bought a fizzy blue potion for 22 gold pieces
  1811 | D:1      | Bought a glowing pink potion for 22 gold pieces
  1811 | D:1      | Bought a scroll labelled JEZEUC FINNI for 25 gold pieces
  1872 | D:3      | Noticed Grinder
  1972 | D:3      | Reached skill level 1 in Throwing
  2353 | D:3      | Paralysed by Grinder for 4 turns
  2365 | D:3      | Slain by Grinder

Illustrated notes

Levels and vault maps discovered:
D:1:      reono_arrival_forest_river, layout_rooms, serial_shops, shop,
          skrybe_limestone_x
D:2:      minmay_recursive_quarters, layout_basic, serial_curves,
          eino_curves_04, eino_curves_01, ebering_ecumenical_altar_petrified,
          wad_orctagon
D:3:      layout_rooms, uniq_grinder

Skill      XL: |  1  2  3  4 |
---------------+-------------+-----
Fighting       | 2 3 |  3.8
Dodging        | 1 |  1.0
Stealth        | 1 |  1.0
Throwing       | 1 |  1.0
Long Blades    | |  4.5
Armour         | |  1.0
Evocations     | |  3.0

Action                     |  1- 3 |  4- 6 || total
---------------------------+-------+-------++-------
  Melee: Falchion          |   128 |    59 ||   187
         Punch             |     3 |       ||     3
  Throw: Stone             |       |     9 ||     9
 Armour: Leather armour    |     9 |       ||     9
         Ring mail         |    38 |    27 ||    65
  Dodge: Dodged            |    67 |    26 ||    93

Table legend: (Time is in decaauts)
 A = Elapsed time spent in this place.
 B = Non-inter-level travel time spent in this place.
 C = Inter-level travel time spent in this place.
 D = Time resting spent in this place.
 E = Time spent auto-exploring this place.
 F = Levels seen in this place.
 G = Mean time per level.
                   A        B        C        D        E       F      G
               +--------+--------+--------+--------+--------+-----+--------+
         Total |   2395 |   2122 |    273 |    435 |    906 |   3 |  798.3 |
       Dungeon |   2395 |   2122 |    273 |    435 |    906 |   3 |  798.3 |
               +--------+--------+--------+--------+--------+-----+--------+

Top non-repeatable levels by time:
     D:2: 1110 daAuts
     D:1: 847 daAuts
     D:3: 437 daAuts
